Map: Emerald City LE

Players

Odin

  • Race: Zerg Zerg
  • League: Gold
  • Spawn Location: 5:00

A.I. 1 (Elite) - Winner!

  • Race: Protoss Protoss
  • Spawn Location: 11:00

A.I. 2 (Elite) - Winner!

  • Race: Protoss Protoss
  • Spawn Location: 11:00

VOD

Have the link to the VOD?

Description

Time

  • Played on: Dec. 13, 2018, 11:21 p.m.
  • Length: 4:18
Show
View Real Time Build Order
Export as new Build Order

Odin Zerg 

Build Orders: 1 Base Baneling Bust, Pool First 

Get SALT Encoding   

  12  0:18  Spawning Pool  
  11  0:28  Overlord  
  11  0:32  Drone  
  12  0:36  Drone  
  13  0:43  Drone  
  14  0:50  Extractor  
  14  0:51  Drone  
  14  1:09  Queen  
  16  1:14  Zergling x4  
  18  1:24  Zergling x2  
  19  1:34  Zergling x2  
  19  1:39  Baneling Nest  
  19  1:48  Zergling x2  
  20  2:03  Zergling x2  
  20  2:07  Zergling x2  
  22  2:29  Overlord x2  
  22  2:41  Baneling x6  
  22  2:45  Baneling  
  17  3:33  Zergling x2  
  17  3:34  Zergling x4  
  18  3:50  Hatchery  
  18  3:52  Zergling x2  
Show
View Real Time Build Order
Export as new Build Order

A.I. 1 (Elite) Protoss - Winner!

Build Orders:  

Get SALT Encoding   

  12  0:00  Probe  
  13  0:13  Probe  
  14  0:19  Pylon  
  14  0:25  Probe  
  15  0:33  Probe  
  15  0:40  Gateway  
  15  0:41  Probe  
  16  0:47  Assimilator  
  17  0:51  Probe  
  18  0:59  Probe  
  18  1:00  Pylon  
  19  1:07  Probe  
  20  1:18  Probe  
  21  1:28  Zealot  
  21  1:30  Cybernetics Core  
  23  1:37  Gateway  
  23  1:38  Probe  
  24  1:48  Pylon  
  24  1:50  Probe  
  25  1:56  Zealot  
  27  2:01  Assimilator  
  27  2:03  Probe  
  27  2:07  Warp Gate  
  28  2:12  Probe  
  29  2:23  Adept  
  29  2:24  Adept  
  33  2:37  Robotics Facility  
  33  2:39  Probe  
  34  2:50  Adept  
  36  2:52  Adept  
  36  2:57  Probe  
  38  3:00  Pylon  
  39  3:10  Probe  
  26  3:21  Probe  
  27  3:33  Probe  
  28  3:45  Probe  
  29  3:55  Probe  
  30  4:04  Probe  
Show
View Real Time Build Order
Export as new Build Order

A.I. 2 (Elite) Protoss - Winner!

Build Orders:  

Get SALT Encoding   

  12  0:01  Probe  
  13  0:13  Probe  
  14  0:18  Pylon  
  14  0:25  Probe  
  15  0:33  Probe  
  15  0:39  Gateway  
  15  0:41  Probe  
  16  0:48  Assimilator  
  17  0:50  Probe  
  18  0:58  Probe  
  18  0:59  Pylon  
  19  1:07  Probe  
  20  1:17  Probe  
  21  1:27  Zealot  
  21  1:29  Cybernetics Core  
  21  1:30  Probe  
  24  1:42  Probe  
  25  1:54  Gateway, Probe, Zealot  
  25  1:57  Pylon  
  28  2:05  Warp Gate  
  27  2:34  Probe  
  28  2:46  Nexus, Probe  
  28  2:47  Assimilator  
  28  2:51  Adept  
  29  2:52  Adept  
  29  2:58  Probe  
  34  3:07  Pylon  
  34  3:19  Stalker  
  36  3:25  Probe  
  34  3:37  Probe  
  34  3:41  Twilight Council  
Tags
 
Add a new tag
Caveats
  • Supply blocks, unpowered buildings, or Contaminate may cause inaccurate times.
  • Supply counts are checked every 10 seconds.